 Dungeon Crawl Stone Soup version 0.28-a0-1206-g193881aaa2 (webtiles) character file.

Game seed: 16911339535271345405

780 freelancePsychic the Skirmisher (level 8, 0/58 HPs)
             Began as a Djinni Warper on Dec 21, 2021.
             Was an Initiate of Makhleb.
             Slain by a black bear (5 damage)
             ... on level 5 of the Dungeon.
             The game lasted 00:13:46 (6987 turns).

freelancePsychic the Skirmisher (Djinni Warper)     Turns: 6987, Time: 00:13:46

Health: 0/58       AC:  4    Str: 10    XL:     8   Next: 10%
Gold:   182        EV: 13    Int: 16    God:    Makhleb [......] SH:  0 Dex: 14

rFire   + + .      SeeInvis .     - Unarmed
rCold   x . .      Faith    .   (no shield)
rNeg    . . .      Spirit   .   a - +0 leather armour
rPois   ∞          Reflect  .   (no helmet)
rElec   .          Harm     .   i - +0 cloak
rCorr   .          Rampage  .   (no gloves)
Will    .....                   (boots unavailable)
Stlth   +.........              (no amulet)
HPRegen 0.19/turn               (no ring)
MPRegen 0.00/turn               (no ring)

@: flying
A: sickness immunity, fire resistance 2, cold vulnerability 1, float, innate
caster, hp casting, extra vitality 1
a: Renounce Religion


You were on level 5 of the Dungeon.
You worshipped Makhleb.
Makhleb was noncommittal.
You visited 1 branch of the dungeon, and saw 6 of its levels.

You collected 182 gold pieces.

Inventory:

Hand Weapons
 b - a +0 hunting sling
Missiles
 k - 68 stones (quivered)
Armour
 a - a +0 leather armour (worn)
 g - a scarf of invisibility
 i - a +0 cloak (worn)
Scrolls
 d - 3 scrolls of identify {@r1}
 n - 2 scrolls of fog
 o - a scroll of teleportation {unknown}
Potions
 l - a potion of might {unknown}
 p - a potion of haste {@q3}
 q - a potion of attraction {unknown}


   Skills:
 + Level 4.7 Fighting
 - Level 0.7 Throwing
 - Level 1.0 Armour
 + Level 4.4 Dodging
 - Level 3.7 Unarmed Combat
 * Level 4.7 Spellcasting


You couldn't memorise any spells.
You knew the following spells:

 Your Spells              Type           Power      Damage    Failure   Level
a - Blink                 Tloc           38%        N/A       4%          2
b - Lesser Beckoning      Tloc           19%        N/A       9%          3
c - Gell's Gravitas       Tloc           19%        N/A       9%          3
d - Teleport Other        Tloc           19%        N/A       9%          3
e - Manifold Assault      Tloc           19%        N/A       63%         5
f - Beastly Appendage     Tmut           38%        N/A       3%          1
g - Call Imp              Summ           19%        N/A       4%          2
h - Tukima's Dance        Hex            19%        N/A       9%          3
Your spell library was empty.

Dungeon Overview and Level Annotations

Branches:
Dungeon (6/15)
 Temple: D:4-7

Altars:
Elyvilon
Makhleb

Annotations:
D:5 Grinder


Innate Abilities, Weirdness & Mutations

You are immune to sickness and miasma.
You are immune to poison.
Your flesh is very heat resistant. (rF++)
You are vulnerable to cold. (rC-)
You float through the air rather than walking.
You learn spells naturally, not from books.
Your magical power is your life essence.
You have superior vitality. (+4 HP)


Message History

Aim: a black bear (severely wounded, berserk, 68% to hit)
You throw a boomerang of dispersal.
The boomerang of dispersal hits the black bear.
The black bear blinks!
You hear an angry growl.
A black bear is nearby!
Throw: 2 boomerangs (disperse)
Press: ? - help, Q - select action, (/) - cycle Shift-Dir - straight line, f/p - black bear
Aim: a black bear (severely wounded, berserk, 68% to hit)
You throw a boomerang of dispersal.
The boomerang of dispersal closely misses the black bear.
The black bear bites you. The black bear claws you. x2
* * * LOW HITPOINT WARNING * * *
Throw: boomerang (disperse)
Press: ? - help, Q - select action, (/) - cycle Shift-Dir - straight line, f/p - black bear
Aim: a black bear (severely wounded, berserk, 68% to hit)
You throw a boomerang of dispersal.
The boomerang of dispersal hits the black bear.
The black bear blinks!
Casting: Call Imp (safe; 4% risk of failure)
Confirm with . or Enter, or press ? or * to list all spells.
A metallic apparition takes form in the air.
* * * LOW HITPOINT WARNING * * *
You hear an angry growl.
You swap places.
The black bear rages.
Okay, then.
You feel better.
Your iron imp hits the black bear.
The black bear closely misses you. The black bear misses you.
The black bear claws you. The black bear bites you.
* * * LOW HITPOINT WARNING * * *
The black bear claws you but does no damage.
The black bear claws you.
* * * LOW HITPOINT WARNING * * *
Your iron imp barely misses the black bear.
The black bear bites you!
* * * LOW HITPOINT WARNING * * *
The black bear claws you.
You die...

...##...##.....#
...............#
#.†##...##....##
#..##...##....#
..)##...##....##
...#######.....#####
...# #.........# ####
#....####.## # ...#
#.....#@...# .# ...#
#.....#h#..# .#^#
...#
#....##....#....#
...#
#....##5........#
...#
#....#####.#.####
...# #+###....+
...... ...#
.........# ...#.....
#### .........#
.#..#..#..#
...###+###....##....#
....#


You could see a black bear (berserk, ally target) and a friendly iron imp
(summoned).

Vanquished Creatures
  A scorpion (D:5)
  A water moccasin zombie (D:5)
  3 orc wizards
  A hound skeleton (D:5)
  A gnoll (D:1)
  4 adders (D:2)
  2 worms
  5 dart slugs
  2 orcs
  4 ball pythons
  2 endoplasms
  3 giant cockroaches
  3 goblins
  3 hobgoblins
  A quokka (D:3)
  6 bats
  2 frilled lizards
  3 kobolds (D:2)
  3 rats
50 creatures vanquished.

Vanquished Creatures (collateral kills)
  A black bear (D:5)
  An ogre (D:4)
  A scorpion (D:4)
  2 orc priests (D:3)
  2 hounds (D:4)
  Jessica (D:3)
  2 orc wizards
  2 adders
  10 orcs
  An endoplasm (D:3)
  2 giant cockroaches
  A goblin (D:4)
  2 jackals (D:3)
  A kobold (D:3)
  A ball python (D:3)
30 creatures vanquished.

Vanquished Creatures (others)
  2 dancing weapons (D:4)
2 creatures vanquished.

Grand Total: 82 creatures vanquished

Notes
Turn   | Place    | Note
-------+----------+-------------------------------------------
     0 | D:1      | freelancePsychic the Djinni Warper began the quest for the
                  | Orb.
     0 | D:1      | Reached XP level 1. HP: 18/18 MP: 0/0
   403 | D:1      | Reached XP level 2. HP: 23/23 MP: 0/0
   687 | D:1      | Reached XP level 3. HP: 29/29 MP: 0/0
   687 | D:1      | Learned a level 1 spell: Beastly Appendage
  1288 | D:2      | Reached XP level 4. HP: 19/34 MP: 0/0
  2743 | D:2      | Found a faded altar of an unknown god.
  3312 | D:3      | Reached XP level 5. HP: 38/40 MP: 0/0
  3312 | D:3      | Learned a level 2 spell: Call Imp
  3787 | D:3      | Reached XP level 6. HP: 7/46 MP: 0/0
  4329 | D:3      | Found a white marble altar of Elyvilon.
  4493 | D:3      | Noticed Jessica
  4497 | D:3      | Killed Jessica
  5379 | D:4      | Reached XP level 7. HP: 37/51 MP: 0/0
  5379 | D:4      | Learned a level 3 spell: Tukima's Dance
  5774 | D:4      | Found a burning altar of Makhleb.
  6116 | D:4      | Became a worshipper of Makhleb the Destroyer
  6153 | D:5      | Entered Level 5 of the Dungeon
  6708 | D:5      | Noticed Grinder
  6743 | D:6      | Noticed a water moccasin
  6801 | D:5      | Reached XP level 8. HP: 32/58 MP: 0/0
  6987 | D:5      | Slain by a black bear

Illustrated notes

Levels and vault maps discovered:
D:1:      dpeg_arrival_simpleton_c, layout_basic
D:2:      layout_loops_ring, hellmonk_ecumenical_altar_crossroads
D:3:      layout_basic, lemuel_round_altar, uniq_jessica
D:4:      layout_loops_cross, bloody_makhleb
D:5:      layout_gridville, hangedman_abyss_or_decor_passed, uniq_grinder
D:6:      layout_loops_cross, minmay_temple_entry_glassed_door,
          minmay_misc_feat_nine_boxes, uniq_prince_ribbit1

Skill      XL: |  1  2  3  4  5  6  7 |
---------------+----------------------+-----
Unarmed Combat | 3 |  3.7
Fighting       | 3 4 |  4.7
Spellcasting   | 3 4 |  4.7
Dodging        | 3 4 |  4.4
Throwing       | |  0.7
Armour         | |  1.0

Action                   |  1- 3 |  4- 6 |  7- 9 || total
-------------------------+-------+-------+-------++-------
Melee: Unarmed           |    82 |   136 |    61 ||   279
       Headbutt          |     3 |     3 |     3 ||     9
       Punch             |       |     2 |     1 ||     3
 Fire: Hunting sling     |       |    40 |       ||    40
Throw: Boomerang         |     3 |       |     5 ||     8
 Cast: Beastly Appendage |     3 |     6 |     3 ||    12
       Call Imp          |       |    41 |    28 ||    69
       Tukima's Dance    |       |       |     7 ||     7
  Use: Scroll            |       |     1 |     4 ||     5
       Potion            |       |     6 |     4 ||    10
Armor: Leather armour    |    32 |    43 |    24 ||    99
       Skin              |       |     9 |       ||     9
Dodge: Dodged            |    63 |    71 |    54 ||   188

Table legend: (Time is in decaauts)
 A = Elapsed time spent in this place.
 B = Non-inter-level travel time spent in this place.
 C = Inter-level travel time spent in this place.
 D = Time resting spent in this place.
 E = Time spent auto-exploring this place.
 F = Levels seen in this place.
 G = Mean time per level.
                   A        B        C        D        E       F      G
               +--------+--------+--------+--------+--------+-----+--------+
         Total |   6980 |   6855 |    125 |    400 |   5317 |   6 | 1163.3 |
       Dungeon |   6980 |   6855 |    125 |    400 |   5317 |   6 | 1163.3 |
               +--------+--------+--------+--------+--------+-----+--------+

Top non-repeatable levels by time:
     D:3: 1905 daAuts
     D:2: 1816 daAuts
     D:4: 1458 daAuts
     D:1: 968 daAuts
     D:5: 828 daAuts
     D:6: 3 daAuts
